 Dungeon Crawl Stone Soup version 0.28-a0-97-g102d6777a4 (webtiles) character file.

Game seed: 6423976603501724163

442829 Ijustatesigmund the Octopoid Aeon (level 24, -4/173 HPs)
             Began as an Octopode Fighter on July 15, 2021.
             Was the Champion of Cheibriados.
             Slain by a reaper (10 damage)
             ... called by a doom hound
             ... on level 1 of the Depths on Aug 9, 2021.
             The game lasted 02:26:08 (42278 turns).

Ijustatesigmund the Octopoid Aeon (OpFi)           Turns: 42278, Time: 02:26:10

Health: -4/173     AC: 22    Str: 37    XL:     24   Next: 14%
Magic:  23/36      EV: 36    Int: 32    God:    Cheibriados [******]
Gold:   3546       SH: 38    Dex: 45    Spells: 20/38 levels left

rFire   . . .      SeeInvis +   a - +4 morningstar (protect)
rCold   . . .      Faith    .   W - +6 tower shield of Ciupes {Dex+3}
rNeg    . . .      Spirit   .   T - +2 hat {Will+}
rPois   +          Reflect  +   h - amulet of reflection
rElec   .          Harm     .   j - +6 ring of strength
rCorr   .          Rampage  .   u - ring of wizardry
Will    ++...                   A - ring "Sihanimu" {+Blink Fly Dex+6 SInv}
Stlth   +++++++++.              f - +4 ring of protection
HPRegen 1.38/turn               D - +6 ring of dexterity
MPRegen 0.25/turn               C - ring of poison resistance
                                M - +4 ring of protection
                                b - +4 ring of protection

@: about to teleport, under a protective aura, flying, studying 2 skills, very
slow
A: almost no armour, amphibious, 8 rings, camouflage 1, gelatinous body 1,
(nimble swimmer 1), tentacles, antennae 1, regeneration 1, no potion heal 1
}: 2/15 runes: serpentine, barnacled
a: Renounce Religion, Evoke Blink, Bend Time, Temporal Distortion, Slouch, Step
From Time


You were on level 1 of the Depths.
You worshipped Cheibriados.
Cheibriados was exalted by your worship.
You visited 9 branches of the dungeon, and saw 40 of its levels.
You visited the Abyss 1 time.
You visited 1 bazaar.
You also visited: Ossuary and Bailey.

You collected 6179 gold pieces.
You spent 2633 gold pieces at shops.

Inventory:

Hand Weapons
 a - a +4 morningstar of protection (weapon)
 g - the +9 mace "Gebitith" {freeze, rElec Dex+6}
   (You found it on level 5 of the Dungeon)

   It freezes those it strikes, dealing additional cold damage.
   It can also slow down cold-blooded creatures.
   Dex:       It affects your dexterity (+6).
   rElec:     It insulates you from electricity.
 S - a +4 demon whip of venom
Missiles
 t - 11 throwing nets
 F - 11 boomerangs of dispersal
 H - 8 atropa-tipped darts (quivered)
 K - 11 curare-tipped darts
Armour
 N - a +5 kite shield of reflection
 T - a +2 hat of willpower (worn)
 W - the +6 tower shield of Ciupes (worn) {Dex+3}
   (You acquired it on level 3 of the Lair of Beasts)

   Dex:       It affects your dexterity (+3).
Jewellery
 b - a +4 ring of protection (on tentacle)
 f - a +4 ring of protection (on tentacle)
 h - an amulet of reflection (around mantle)
 j - a +6 ring of strength (left tentacle)
 u - a ring of wizardry (right tentacle)
 A - the ring "Sihanimu" (on tentacle) {+Blink Fly Dex+6 SInv}
   (You took it off a deep elf master archer on level 3 of the Elven Halls)

   [ring of see invisible]

   Dex:       It affects your dexterity (+6).
   SInv:      It lets you see invisible.
   Fly:       It grants you flight.
   +Blink:    It lets you blink.
 C - a ring of poison resistance (on tentacle)
 D - a +6 ring of dexterity (on tentacle)
 M - a +4 ring of protection (on tentacle)
 R - a ring of protection from fire
 V - a ring of resist corrosion
Wands
 c - a wand of charming (6)
 i - a wand of digging (7)
 k - a wand of acid (3)
 q - a wand of paralysis (44)
 s - a wand of mindburst (27)
 w - a wand of flame (106)
 J - a wand of polymorph (34)
 X - a wand of iceblast (40)
Scrolls
 e - 3 scrolls of teleportation
 m - 5 scrolls of fog
 r - 2 scrolls of blinking
 v - 5 scrolls of immolation
 E - a scroll of enchant armour
 L - 2 scrolls of magic mapping
 O - 6 scrolls of enchant weapon
 Q - 2 scrolls of fear
 U - 18 scrolls of identify
 Z - 2 scrolls of holy word
Potions
 d - 4 potions of flight
 l - 2 potions of attraction
 n - 2 potions of resistance
 o - 9 potions of lignification
 p - 6 potions of mutation
 x - 17 potions of curing
 y - 5 potions of brilliance
 z - 3 potions of cancellation
 B - 7 potions of heal wounds
 G - 4 potions of might
 I - 3 potions of magic
 P - 6 potions of invisibility
Miscellaneous
 Y - a condenser vane


   Skills:
 - Level 16.5 Fighting
 - Level 16.6 Maces & Flails
 - Level 11.7 Throwing
 - Level 14.5 Dodging
 - Level 16.6 Stealth
 - Level 16.4 Shields
 - Level 7.6 Spellcasting
 + Level 4.2 Necromancy
 - Level 5.0 Translocations
 - Level 4.9 Transmutations
 - Level 11.8 Earth Magic
 - Level 18.3 Invocations
 - Level 8.0 Evocations


You had 20 spell levels left.
You knew the following spells:

 Your Spells              Type           Power      Damage    Failure   Level
a - Passwall              Tmut/Erth      50%        N/A       1%          2
b - Passage of Golubria   Tloc           N/A        N/A       6%          4
c - Lesser Beckoning      Tloc           22%        N/A       1%          3
d - Death's Door          Necr           19%        N/A       100%        9

Your spell library contained the following spells:

 Spells                   Type           Power      Damage    Failure   Level
 Animate Skeleton         Necr           78%        N/A       1%          1
 Apportation              Tloc           88%        N/A       1%          1
 Pain                     Necr           100%       1d9       1%          1
 Sandblast                Erth           100%       2d20      1%          1
 Sublimation of Blood     Necr           19%        N/A       1%          2
 Gell's Gravitas          Tloc           22%        N/A       1%          3
 Stone Arrow              Conj/Erth      100%       3d13      1%          3
 Teleport Other           Tloc           44%        N/A       1%          3
 Lee's Rapid Deconstruct  Erth           36%        3d19*     1%          5
 Vampiric Draining        Necr           19%        2d8       2%          3
 Corona                   Hex            13%        N/A       4%          1
 Summon Small Mammal      Summ           48%        N/A       4%          1
 Ensorcelled Hibernation  Hex/Ice        24%        N/A       8%          2
 Slow                     Hex            12%        N/A       8%          2
 Ignite Poison            Fire/Tmut/Pois 22%        N/A       8%          3
 Dispel Undead            Necr           39%        3d16      9%          4
 Confusing Touch          Hex            12%        N/A       14%         3
 Conjure Flame            Conj/Fire      12%        6-21      14%         3
 Dazzling Flash           Conj/Hex       24%        N/A       14%         3
 Mephitic Cloud           Conj/Pois/Air  12%        N/A       14%         3
 Summon Guardian Golem    Hex/Summ       12%        N/A       14%         3
 Swiftness                Air            12%        N/A       14%         3
 Ice Form                 Ice/Tmut       28%        N/A       16%         4
 Iskenderun's Mystic Bla  Conj/Tloc      28%        2d7       16%         4
 Bolt of Magma            Conj/Fire/Erth 18%        4d10      26%         5
 Hailstorm                Conj/Ice       12%        3d5       41%         4
 Sticky Flame             Conj/Fire      12%        2d4       41%         4
 Irradiate                Conj/Tmut      14%        3d18      41%         5
 Summon Forest            Summ/Tloc      14%        N/A       41%         5
 Yara's Violent Unravell  Hex/Tmut       14%        3d7       41%         5
 Freezing Cloud           Conj/Ice/Air   6%         6-21      75%         5
 Silence                  Hex/Air        6%         N/A       75%         5
 Summon Mana Viper        Hex/Summ       12%        N/A       75%         5
 Simulacrum               Ice/Necr       12%        N/A       95%         6
 Conjure Ball Lightning   Conj/Air       6%         3x3d6     99%         6
 Invisibility             Hex            6%         N/A       99%         6
 Shadow Creatures         Summ           N/A        N/A       99%         6
 Starburst                Conj/Fire      6%         8x6d4     99%         6
 Dragon Form              Tmut           22%        N/A       99%         7
 Orb of Destruction       Conj           6%         9d3       100%        7
 Spellforged Servitor     Conj/Summ      6%         N/A       100%        7
 Discord                  Hex            6%         N/A       100%        8
 Disjunction              Tloc           22%        N/A       100%        8
 Infestation              Necr           19%        N/A       100%        8
 Lehudib's Crystal Spear  Conj/Erth      25%        10d7      100%        8
 Polar Vortex             Ice            6%         N/A       100%        9
 Animate Armour           Summ/Erth      Unusable   N/A       N/A         4

Dungeon Overview and Level Annotations

Branches:
Dungeon (15/15)            Temple (1/1) D:7            Lair (6/6) D:11
 Shoals (4/4) Lair:4        Snake (4/4) Lair:3        Slime (0/5) Lair:5
    Orc (2/2) D:12            Elf (3/3) Orc:2        Vaults (4/5) D:13
  Crypt (0/3) Vaults:3     Depths (1/5) D:15        Ossuary (visited)
 Bailey (visited)

Altars:
Ashenzari
Cheibriados
Dithmenos
Elyvilon
Fedhas
Gozag
Hepliaklqana
Kikubaaqudgha
Makhleb
Nemelex Xobeh
Okawaru
Qazlal
Ru
Sif Muna
Trog
Uskayaw
Vehumet
Wu Jian
Xom
Yredelemnul
Zin
The Shining One
Jiyva

Shops:
D:2 (   D:3 ?   D:10 [   D:12 !   Orc:1 :   Orc:2 :(*!!   Shoals:2 =
Snake:1 :[   Snake:2 ?[=[   Snake:4 (   Vaults:2 *

Annotations:
D:5 2 transporters, fly's ghost, weakling HuDe
Lair:5 1 runed translucent door


Innate Abilities, Weirdness & Mutations

You cannot wear most types of armour.
You are amphibious.
You can wear up to eight rings at the same time.
Your skin changes colour to match your surroundings (Stealth+).
Your rubbery body absorbs attacks. (AC +1, EV +1)
((You are camouflaged near water. (Stealth+)))
You have tentacles for arms and can constrict up to eight enemies at once.
You have a pair of small antennae on your head.
Your natural rate of healing is unusually fast.
Potions are less effective at restoring your health.


Message History

You puncture the tormentor!
You squeeze the tormentor, but do no damage.
The tormentor is almost dead.
You constrict the tormentor.
You kill the tormentor!
Cheibriados thoroughly appreciates the change of pace.
You block the reaper's attack. The doom hound barely misses you.
You block the doom hound's attack.
You hit the hellephant but do no damage.
Your squeeze misses the hellephant.
The shadow dragon breathes negative energy at you.
The bolt of negative energy hits you but does no damage.
The bolt of negative energy hits the hellephant.
The hellephant completely resists.
You block the reaper's attack. You block the doom hound's attack. x2
The reaper hits you from afar with a +5 scythe of venom.
* * * LOW HITPOINT WARNING * * *
The hellephant tramples you.
* * * LOW HITPOINT WARNING * * *
You hold your ground!
You block the hellephant's attack. The hellephant completely misses you.
You can feel time thicken for a moment.
The infernal howling subsides.
You block the reaper's attack. You block the doom hound's attack. x2
You block the reaper's attack.
The hellephant blinks!
A reaper comes into view. It is wielding a +6 scythe of freezing.
You hit the doom hound but do no damage.
Your grab misses the doom hound.
The doom hound is moderately wounded.
You block the doom hound's attack. x2
The reaper shouts, "You must die NOW!"
The reaper misses you. You block the reaper's attack.
Unknown command.
As you read the scroll of teleportation, it crumbles to dust.
You feel strangely unstable. You block the doom hound's attack.
The doom hound misses you.
The reaper hits you with a +6 scythe of freezing!!
* * * LOW HITPOINT WARNING * * *
The reaper freezes you!
You die...

#. ♣..♣ #. ♣♣♣Y..♣
#. ♣♣..!..♣♣♣♣ #.
♣♣...♣.....♣ #.
♣♣≈≈≈...§...♣ #.
♣.≈≈22.=..... #.
♣...2hD...... #.
♣..@)..Y..♣ #.
♣♣..♣♣♣♣♣♣♣ #.
♣...♣♣♣♣♣♣♣## #.
♣....♣......######.
♣♣...........[..[..
♣♣.....♣.....^....
♣♣♣♣♣♣♣♣♣#.......
#....... .........


You could see 2 hellephants, a shadow dragon (catching breath), a doom hound and
3 reapers.

Vanquished Creatures
  Vashnia (Snake:2)
  A profane servitor (Abyss:3)
  A bone dragon (Vaults:3)
  Jorgrun (Elf:2)
  A lich (Depths:1)
  5 deep elf master archers
  3 deep elf blademasters
  Polyphemus (Shoals:3)
  Kirke (D:14)
  An Executioner (Abyss:3)
  2 krakens
  5 sphinxes
  A tentacled starspawn (Abyss:3)
  A tengu reaver (Vaults:4)
  Agnes (Elf:1)
  Donald (Snake:2)
  Gastronok (Lair:3)
  5 nagarajas
  Ilsuiw (Shoals:3)
  8 deep elf sorcerers (Elf:3)
  A fire giant (Vaults:4)
  3 orc warlords
  15 vault wardens
  Aizul (Snake:2)
  5 deep elf elementalists
  12 ironbound preservers
  2 stone giants
  3 war gargoyles
  5 very ugly things
  2 minotaurs (Shoals:4)
  6 deep elf demonologists
  2 dire elephants
  Snorg (D:11)
  6 deep elf annihilators (Elf:3)
  An eidolon (Abyss:3)
  A merfolk javelineer (Shoals:3)
  7 deep elf death magi
  5 merfolk impalers
  A great orb of eyes (Vaults:3)
  5 deep elf high priests (Elf:3)
  10 ironbound thunderhulks
  8 yaktaur captains
  10 hydras
  6 vault guards
  13 naga warriors
  4 salamander tyrants
  9 anacondas
  3 boulder beetles
  5 ironbound frosthearts
  2 catoblepae
  A peacekeeper (Vaults:4)
  A two-headed ogre (shapeshifter) (Vaults:2)
  3 ogre magi
  2 merfolk aquamancers (Shoals:2)
  9 centaur warriors
  14 two-headed ogres
  9 merfolk avatars
  20 dancing weapons
  12 satyrs
  An alligator snapping turtle (Shoals:3)
  14 death yaks
  19 naga sharpshooters
  2 tengu warriors
  9 ironbound beastmasters
  5 orc high priests (Orc:2)
  9 shock serpents
  A soul eater (Vaults:2)
  Urug (Orc:2)
  5 hell knights (Depths:1)
  2 wretched stars (Abyss:3)
  13 deep elf knights
  Nergalle (Lair:1)
  A golden dragon zombie (Abyss:3)
  A shadow wraith (Vaults:2)
  2 fire crabs (Shoals:1)
  5 skeletal warriors (D:12)
  6 salamander mystics
  2 spatial maelstroms (Abyss:3)
  A glowing orange brain (Vaults:4)
  18 sea snakes
  46 deep trolls
  8 naga ritualists
  10 deep elf archers
  19 orc knights
  15 wizards
  17 lindwurms
  14 ironbound convokers
  8 necromancers
  2 wolf spider zombies (D:12)
  A stone giant zombie (Abyss:3)
  45 ugly things
  An orb spider (shapeshifter) (Elf:2)
  26 harpies
  27 deep elf zephyrmancers
  An orc sorcerer (D:15)
  A fire giant zombie (Vaults:4)
  31 deep elf pyromancers
  8 mana vipers
  6 fauns
  15 manticores
  17 salamanders
  10 cyclopes
  15 elephants
  A fire giant skeleton (Vaults:4)
  3 torpor snails
  2 guardian serpents
  25 naga magi
  32 black mambas
  6 merfolk sirens
  15 vault sentinels
  7 water nymphs
  10 gargoyles
  10 cane toads
  A komodo dragon (shapeshifter) (D:15)
  6 komodo dragons
  A centaur skeleton (D:15)
  2 redback zombies
  3 unseen horrors (D:12)
  2 kobold demonologists
  2 tormentors (Depths:1)
  2 tengu conjurers
  9 rime drakes
  A freezing wraith (Vaults:3)
  34 yaktaurs
  7 large abominations
  7 hornets
  34 merfolk
  6 trolls
  A wolf spider simulacrum (D:15)
  8 wind drakes
  A harpy skeleton (D:15)
  23 blink frogs
  3 polar bears
  4 raiju (Abyss:3)
  6 dream sheep
  5 meliai zombies
  23 slime creatures
  6 snapping turtles
  A ynoxinul (Abyss:3)
  Sigmund (D:4)
  6 air elementals
  5 shadows
  9 water elementals
  3 wraiths
  A basilisk (shapeshifter) (Elf:1)
  12 spriggans (Lair:6)
  A wyvern (Lair:3)
  A fire elemental (Elf:2)
  3 hogs (D:14)
  47 yaks
  5 basilisks
  Grum (D:11)
  A chaos spawn (Abyss:3)
  A neqoxec (Abyss:3)
  14 vampire mosquitoes
  Menkaure (D:5)
  A human simulacrum (Vaults:4)
  A steam dragon (D:8)
  44 nagas
  3 wargs
  A warg (shapeshifter) (Elf:1)
  2 spatial vortices (Abyss:3)
  Edmund (D:4)
  2 acid dragons
  16 water moccasins
  7 ogres
  60 orc warriors
  2 ice beasts
  A necrophage (D:6)
  18 starcursed masses (Abyss:3)
  7 black bears
  27 wolves
  7 boggarts
  11 centaurs
  A phantom (D:12)
  7 kobold brigands
  Blork the orc (D:5)
  3 elf zombies
  13 bullfrogs
  A bullfrog (shapeshifter) (Elf:1)
  A wyvern zombie (D:6)
  3 earth elementals
  A water moccasin zombie (D:6)
  3 gnoll sergeants
  A scorpion (D:7)
  2 small abominations (Abyss:3)
  3 troll zombies (D:12)
  3 killer bees (D:8)
  9 howler monkeys
  4 human zombies
  12 centaur zombies
  45 orc priests
  A bullfrog skeleton (D:6)
  2 gnoll shamans
  5 hounds
  2 jellies
  2 iguanas
  24 orc wizards
  2 hell rats (D:11)
  5 ogre zombies (D:12)
  A hound zombie (Ossuary)
  A howler monkey zombie (D:7)
  4 mummies (Ossuary)
  28 gnolls
  2 adders (D:6)
  A river rat (D:11)
  2 shadow imps (D:7)
  4 white imps
  An ufetubus (D:5)
  An adder zombie (Ossuary)
  3 worms
  2 dart slugs
  101 orcs
  3 bats
  8 endoplasms
  2 giant cockroaches
  22 goblins
  28 hobgoblins
  9 jackals
  23 kobolds
  5 quokkas
  3 training dummies (Snake:4)
  5 ball pythons
  4 frilled lizards
  4 goblin skeletons (D:12)
  2 goblin zombies (D:12)
  3 hobgoblin skeletons (D:12)
  2 hobgoblin zombies (Ossuary)
  2 orc skeletons (D:12)
  15 orc zombies
  8 rats
  2 rat zombies (Ossuary)
  2 starspawn tentacles (Abyss:3)
  2 tentacles (Shoals:4)
1821 creatures vanquished.

Vanquished Creatures (others)
  A nagaraja (Snake:4)
  2 deep elf demonologists (Elf:3)
  A manticore (Shoals:4)
  A merfolk (Shoals:1)
  A water elemental (Elf:1)
  2 humans (D:14)
  A bush (Lair:4)
  14 fungi
  A lurking horror (Abyss:3)
  95 plants
  13 tentacles
  2 withered plants (D:1)
134 creatures vanquished.

Grand Total: 1955 creatures vanquished

Notes
Turn   | Place    | Note
-------+----------+-------------------------------------------
     0 | D:1      | Ijustatesigmund the Octopode Fighter began the quest for
                  | the Orb.
     0 | D:1      | Reached XP level 1. HP: 16/16 MP: 1/1
   224 | D:1      | Reached XP level 2. HP: 21/21 MP: 2/2
   269 | D:1      | Found a faded altar of an unknown god.
   658 | D:1      | Reached XP level 3. HP: 26/26 MP: 3/3
  1450 | D:2      | Found Nuxiox's Weapon Shoppe.
  1849 | D:2      | Reached skill level 1 in Stealth
  1988 | D:3      | Noticed a gnoll sergeant
  1994 | D:3      | Reached XP level 4. HP: 6/32 MP: 4/4
  2763 | D:3      | Found Poiptuox's Magic Scroll Shop.
  2769 | D:3      | Bought a scroll of identify for 28 gold pieces
  2769 | D:3      | Bought a scroll of identify for 28 gold pieces
  2799 | D:3      | Killed a gnoll sergeant
  2800 | D:3      | Reached XP level 5. HP: 30/37 MP: 5/5
  3589 | D:4      | Reached XP level 6. HP: 39/43 MP: 6/6
  3966 | D:4      | Noticed Sigmund
  4010 | D:5      | Entered Level 5 of the Dungeon
  4010 | D:5      | Noticed Blork the orc
  4015 | D:5      | Killed Blork the orc
  4184 | D:5      | Noticed fly's ghost (weakling HuDe)
  4222 | D:5      | Noticed Menkaure
  4229 | D:5      | Killed Menkaure
  4230 | D:5      | Reached skill level 5 in Maces & Flails
  4230 | D:5      | Reached skill level 1 in Evocations
  4230 | D:5      | Reached XP level 7. HP: 20/49 MP: 7/7
  4474 | D:5      | Identified the +9 falchion of Meaxylonn {drain, Contam
                  | rPois rN++}
  4491 | D:5      | Learned a level 2 spell: Passwall
  4871 | D:5      | Reached skill level 5 in Fighting
  4889 | D:4      | Noticed Edmund
  4900 | D:4      | Killed Edmund
  4901 | D:4      | Reached XP level 8. HP: 48/55 MP: 8/8
  4976 | D:4      | Killed Sigmund
  5280 | D:5      | Found a transporter.
  5287 | D:5      | Found a transporter.
  5296 | D:5      | Identified the +9 mace "Gebitith" {freeze, rElec Dex+6}
  5598 | D:6      | Reached skill level 5 in Shields
  5886 | D:6      | Found an iron altar of Okawaru.
  5892 | D:6      | Reached XP level 9. HP: 60/62 MP: 9/9
  5943 | D:6      | Found a hazy altar of Hepliaklqana.
  6000 | D:6      | Reached skill level 5 in Dodging
  6285 | D:6      | Found a radiant altar of Vehumet.
  6475 | D:7      | Found a sand-covered staircase.
  6487 | D:7      | Noticed a troll
  6494 | D:7      | Killed a troll
  6495 | D:7      | Reached skill level 5 in Evocations
  6522 | Ossuary  | Entered an ossuary
  7038 | D:7      | Gained mutation: Your natural rate of healing is unusually
                  | fast. [potion of mutation]
  7038 | D:7      | Gained mutation: You have a pair of small antennae on your
                  | head. [potion of mutation]
  7457 | D:7      | Found a staircase to the Ecumenical Temple.
  7463 | Temple   | Entered the Ecumenical Temple
  7564 | Temple   | Became a worshipper of Cheibriados the Contemplative
  7608 | D:8      | Reached skill level 1 in Invocations
  7609 | D:8      | Reached XP level 10. HP: 71/71 MP: 10/10
  7843 | D:8      | Reached skill level 2 in Invocations
  7927 | D:8      | Reached skill level 1 in Throwing
  7928 | D:8      | Reached * piety under Cheibriados
  7933 | D:8      | Reached skill level 1 in Transmutations
  7994 | D:8      | Reached skill level 1 in Earth Magic
  8469 | D:9      | Reached skill level 3 in Invocations
  8537 | D:9      | Found a white marble altar of Elyvilon.
  8686 | D:9      | Reached ** piety under Cheibriados
  8954 | D:10     | Entered Level 10 of the Dungeon
  8995 | D:10     | Reached XP level 11. HP: 77/77 MP: 13/13
  9033 | D:10     | Noticed a two-headed ogre
  9034 | D:10     | Reached *** piety under Cheibriados
  9045 | D:10     | Killed a two-headed ogre
  9046 | D:10     | Reached skill level 4 in Invocations
  9127 | D:10     | Identified a scroll of acquirement
  9127 | D:10     | Acquired 778 gold pieces
  9375 | D:10     | Found Qegi's Antique Armour Emporium.
  9765 | D:10     | Noticed a three-headed hydra
  9774 | D:10     | Killed a three-headed hydra
  9775 | D:10     | Reached skill level 5 in Throwing
  9874 | D:11     | Noticed a death yak
  9911 | D:11     | Found a flagged portal.
  9920 | Bailey   | Entered a bailey
  9968 | Bailey   | Reached **** piety under Cheibriados
 10119 | Bailey   | Reached ***** piety under Cheibriados
 10143 | Bailey   | Noticed an orc warlord
 10157 | Bailey   | Killed an orc warlord
 10158 | Bailey   | Reached skill level 5 in Invocations
 10212 | Bailey   | Acquired a +4 demon whip of venom
 10399 | D:11     | Found a staircase to the Lair.
 10400 | D:11     | Noticed a death yak
 10401 | D:11     | Noticed a death yak
 10412 | D:11     | Noticed Snorg
 10414 | D:11     | Noticed a two-headed ogre
 10427 | D:11     | Killed a death yak
 10428 | D:11     | Reached XP level 12. HP: 84/84 MP: 15/15
 10430 | D:11     | Noticed a two-headed ogre
 10431 | D:11     | Killed a death yak
 10435 | D:11     | Killed a death yak
 10439 | D:11     | Killed a two-headed ogre
 10457 | D:11     | Killed Snorg
 10463 | D:11     | Killed a two-headed ogre
 10472 | D:11     | Noticed Grum
 10480 | D:11     | Killed Grum
 10485 | D:11     | Reached skill level 5 in Earth Magic
 10485 | D:11     | Reached skill level 6 in Invocations
 10780 | D:12     | Reached ****** piety under Cheibriados
 10886 | D:12     | Found a basalt altar of Yredelemnul.
 10934 | D:13     | Noticed an eight-headed hydra
 10937 | D:13     | Found a gate to the Vaults.
 10947 | D:13     | Killed an eight-headed hydra
 10948 | D:13     | Reached XP level 13. HP: 86/90 MP: 18/18
 10954 | D:13     | Reached skill level 7 in Invocations
 11072 | D:13     | Reached skill level 10 in Fighting
 11072 | D:13     | Reached skill level 10 in Maces & Flails
 11072 | D:13     | Reached skill level 8 in Invocations
 11072 | D:13     | Reached XP level 14. HP: 99/99 MP: 18/20
 11626 | D:12     | Reached skill level 10 in Shields
 11750 | D:12     | Found a staircase to the Orcish Mines.
 11802 | D:12     | Found Ywko Wizeu's Distillery.
 11812 | D:12     | Bought a potion of heal wounds for 75 gold pieces
 11812 | D:12     | Bought a potion of heal wounds for 75 gold pieces
 11812 | D:12     | Bought a potion of might for 60 gold pieces
 11880 | D:12     | Reached skill level 9 in Invocations
 12166 | D:12     | Noticed a war gargoyle
 12181 | D:12     | Killed a war gargoyle
 12182 | D:12     | Reached skill level 5 in Stealth
 12418 | Orc:1    | Entered Level 1 of the Orcish Mines
 12636 | Orc:1    | Found Huuqoh's Book Boutique.
 12720 | Orc:2    | Entered Level 2 of the Orcish Mines
 12753 | Orc:2    | Found a staircase to the Elven Halls.
 12758 | Orc:2    | Noticed Urug
 12771 | Orc:2    | Killed Urug
 12816 | Elf:1    | Entered Level 1 of the Elven Halls
 12825 | Elf:1    | Reached XP level 15. HP: 106/106 MP: 22/22
 13526 | Orc:2    | Found Baubamij's Distillery.
 13578 | Orc:2    | Bought a potion of heal wounds for 60 gold pieces
 13578 | Orc:2    | Bought a potion of attraction for 36 gold pieces
 13593 | Orc:2    | Reached skill level 10 in Invocations
 14017 | Orc:2    | Found Heguqak's General Store.
 14019 | Orc:2    | Found Vuqo's Book Boutique.
 14154 | Orc:2    | Found Ikhlorgh's Weapon Shop.
 14155 | Orc:2    | Found Haekergh's Distillery.
 14160 | Orc:2    | Bought a potion of heal wounds for 50 gold pieces
 14630 | Lair:1   | Entered Level 1 of the Lair of Beasts
 14912 | Lair:1   | Noticed Nergalle
 14920 | Lair:1   | Killed Nergalle
 14941 | Lair:1   | Reached skill level 10 in Dodging
 15849 | Lair:2   | You fall into a shaft and drop 2 floors!
 15895 | Lair:4   | Found a staircase to the Shoals.
 16160 | Lair:3   | Noticed Gastronok
 16172 | Lair:3   | Killed Gastronok
 16448 | Lair:2   | Found a basalt altar of Yredelemnul.
 17239 | Lair:3   | Acquired the +6 tower shield of Ciupes {Dex+3}
 17375 | Lair:3   | Found a staircase to the Snake Pit.
 18292 | Lair:4   | Reached XP level 16. HP: 107/114 MP: 23/23
 18526 | Lair:5   | Found a runed translucent door.
 18526 | Lair:5   | Found a viscous altar of Jiyva.
 18938 | Lair:5   | Found the +4 skin of Zhor {*Englaciate rC+++ SInv}
 19168 | Lair:5   | Found a staircase to the Slime Pits.
 19169 | Lair:5   | Noticed an azure jelly
 19227 | Lair:6   | Entered Level 6 of the Lair of Beasts
 19866 | Lair:6   | Got the Disquisition on Dark Malediction
 19923 | Lair:6   | Reached skill level 15 in Shields
 20675 | D:14     | Noticed Kirke
 20687 | D:14     | Killed Kirke
 21369 | D:15     | Entered Level 15 of the Dungeon
 21468 | D:15     | Reached XP level 17. HP: 112/119 MP: 24/24
 21572 | D:15     | Upgraded the game from 0.27-a0-1555-g0e7b3fb1d2 to
                  | 0.27-a0-1559-g299f9947c5
 21671 | D:15     | Found a shadowy altar of Dithmenos.
 21982 | D:15     | Found a staircase to the Depths.
 22485 | Shoals:1 | Entered Level 1 of the Shoals
 22493 | Shoals:1 | Reached skill level 10 in Stealth
 23721 | Shoals:2 | Found Los Nuiwi's Jewellery Shop.
 24306 | Shoals:3 | Found a runed translucent door.
 24467 | Shoals:3 | Identified the +0 ring mail of the Rose {Dex+6}
 24507 | Shoals:3 | Identified the +6 chain mail of Supple Strength {Harm
                  | Rampage Fly Stlth+}
 24526 | Shoals:3 | Reached skill level 11 in Invocations
 24670 | Shoals:3 | Noticed a kraken
 24684 | Shoals:3 | Killed a kraken
 24685 | Shoals:3 | Reached XP level 18. HP: 63/126 MP: 20/26
 24764 | Shoals:3 | Noticed Ilsuiw
 24804 | Shoals:3 | Killed Ilsuiw
 24947 | Shoals:3 | Noticed Polyphemus
 24955 | Shoals:3 | Reached skill level 15 in Stealth
 24957 | Shoals:3 | Killed Polyphemus
 25426 | Shoals:4 | Entered Level 4 of the Shoals
 25554 | Shoals:4 | Found the +9 staff of Wucad Mu {*channel}
 25577 | Shoals:4 | Got a barnacled rune of Zot
 25578 | Shoals:4 | Identified the +5 flail of Judgement {drain, *Rage rElec
                  | rF- SInv}
 25613 | Shoals:4 | Identified the +10 triple crossbow of Defiance {freeze, rF+
                  | rN+ Str-3 Dex+2}
 26044 | Shoals:4 | Learned a level 4 spell: Passage of Golubria
 26138 | Shoals:4 | Reached skill level 1 in Translocations
 26384 | Snake:1  | Entered Level 1 of the Snake Pit
 26470 | Snake:1  | Found a flickering gateway to a bazaar.
 26483 | Bazaar   | Entered a bazaar
 26499 | Bazaar   | Found Ywih Dom's Magic Scroll Emporium.
 26500 | Bazaar   | Found Pibeunar's Weapon Emporium.
 26542 | Bazaar   | Found Merr's Book Shoppe.
 26542 | Bazaar   | Found Ufam's Distillery.
 26564 | Bazaar   | Bought a potion of might for 28 gold pieces
 26564 | Bazaar   | Bought a potion of curing for 21 gold pieces
 26564 | Bazaar   | Bought a potion of cancellation for 56 gold pieces
 26564 | Bazaar   | Bought a potion of mutation for 56 gold pieces
 26564 | Bazaar   | Bought a potion of might for 28 gold pieces
 26760 | Snake:1  | Found Vueciyp's Book Boutique.
 26768 | Snake:1  | Bought a manual of Earth Magic for 960 gold pieces
 26924 | Snake:1  | Found Ebbuzics's Armour Emporium.
 27219 | Snake:2  | Found Lerogil's Magic Scroll Emporium.
 27229 | Snake:2  | Found Faaxyco Atut's Armour Shoppe.
 27231 | Snake:2  | Found Xifios's Jewellery Emporium.
 27243 | Snake:2  | Bought a scroll of teleportation for 48 gold pieces
 27243 | Snake:2  | Bought a scroll of teleportation for 48 gold pieces
 27243 | Snake:2  | Bought a scroll of fear for 56 gold pieces
 27243 | Snake:2  | Bought a scroll of blinking for 120 gold pieces
 27274 | Snake:2  | Noticed Vashnia
 27288 | Snake:2  | Reached XP level 19. HP: 121/133 MP: 27/27
 27306 | Snake:2  | Killed Vashnia
 27476 | Snake:2  | Noticed Aizul
 27488 | Snake:2  | Killed Aizul
 27785 | Snake:2  | Reached skill level 5 in Translocations
 27841 | Snake:2  | Found Bouh's Armour Shop.
 27927 | Snake:2  | Reached skill level 12 in Invocations
 27987 | Snake:2  | Noticed Donald
 27995 | Snake:2  | Killed Donald
 29491 | Snake:4  | Entered Level 4 of the Snake Pit
 29563 | Snake:4  | Found Jutt's Firing Range.
 29571 | Snake:4  | Bought a manual of Throwing for 800 gold pieces
 30157 | Snake:4  | Reached XP level 20. HP: 125/140 MP: 29/29
 30447 | Snake:4  | Reached skill level 10 in Earth Magic
 30450 | Snake:4  | Reached skill level 10 in Throwing
 30712 | Snake:4  | Got a serpentine rune of Zot
 31414 | Elf:1    | Paralysed by an air elemental for 1 turns
 31417 | Elf:1    | Noticed Agnes
 31424 | Elf:1    | Killed Agnes
 31530 | Elf:1    | You fall into a shaft and drop 1 floor!
 31532 | Elf:2    | Noticed Jorgrun
 31547 | Elf:2    | Killed Jorgrun
 31548 | Elf:2    | Reached skill level 13 in Invocations
 32269 | Elf:1    | Paralysed by an air elemental for 1 turns
 32332 | Elf:1    | Got the Handbook of Black Rituals
 32747 | Elf:2    | Found a huge runed translucent gate.
 32747 | Elf:2    | Found a huge runed translucent gate.
 32747 | Elf:2    | Found a huge runed translucent gate.
 32760 | Elf:2    | Found a huge runed translucent gate.
 32762 | Elf:2    | Found a huge runed translucent gate.
 32990 | Elf:2    | Reached XP level 21. HP: 130/148 MP: 31/31
 33374 | Elf:3    | Entered Level 3 of the Elven Halls
 33394 | Elf:3    | Reached skill level 14 in Invocations
 33550 | Elf:3    | Got the Collected Works on Fascination and Conjuration
 34178 | Elf:3    | Paralysed by an air elemental for 1 turns
 34183 | Elf:3    | Paralysed by an air elemental for 1 turns
 34223 | Elf:3    | Identified the +2 ring mail of Hubris {Harm Fly Will+}
 34307 | Elf:3    | Paralysed by an air elemental for 1 turns
 34312 | Elf:3    | Paralysed by an air elemental for 1 turns
 34320 | Elf:3    | Reached skill level 15 in Maces & Flails
 34340 | Elf:3    | Identified the ring "Sihanimu" {+Blink Fly Dex+6 SInv}
 34340 | Elf:3    | Identified the +1 robe "Ogro Soanie" {+Inv rF++ rCorr
                  | Dex-5}
 34349 | Elf:3    | Reached skill level 15 in Fighting
 34500 | Elf:3    | Identified the +0 buckler "Loumm" {Dex+2}
 34522 | Elf:3    | Reached skill level 15 in Invocations
 34586 | Elf:3    | Got Guemn's Incunabulum of Combat Magic
 34590 | Elf:3    | Identified the +10 battleaxe "Beastslayer" {elec, *Rage rF+
                  | Dex+2 Stlth+}
 34631 | Elf:3    | Got the Catalogue of Translocation and Shape Shifting
 35008 | Vaults:1 | Entered Level 1 of the Vaults
 35564 | Vaults:1 | Reached XP level 22. HP: 158/158 MP: 30/33
 35647 | Vaults:1 | Upgraded the game from 0.27-a0-1559-g299f9947c5 to
                  | 0.28-a0-97-g102d6777a4
 35667 | Vaults:1 | Identified the +3 scale mail of the Illusory Brambles
                  | {Int+4 Dex+2}
 36827 | Vaults:2 | Reached skill level 16 in Invocations
 37584 | Vaults:2 | Cast into level 3 of the Abyss (a wizard)
 37752 | Abyss:3  | Noticed a profane servitor
 37764 | Abyss:3  | Killed a profane servitor
 37814 | Abyss:3  | Paralysed by accursed screaming for 2 turns
 37821 | Abyss:3  | Paralysed by accursed screaming for 2 turns
 37920 | Vaults:2 | Escaped the Abyss
 38083 | Vaults:2 | Paralysed by a sphinx for 2 turns
 38106 | Vaults:2 | Reached skill level 1 in Spellcasting
 38263 | Vaults:2 | Found Jaipacog's Assorted Antiques.
 38501 | Vaults:2 | Learned a level 3 spell: Lesser Beckoning
 38751 | Vaults:3 | Found the +1 cloak of Starlight {*Dazzle EV+4 Stlth--}
 38822 | Vaults:3 | Reached XP level 23. HP: 86/166 MP: 29/35
 38827 | Vaults:3 | Reached skill level 17 in Invocations
 39138 | Vaults:3 | Found a staircase to the Crypt.
 39978 | Vaults:4 | Reached skill level 5 in Spellcasting
 40539 | Vaults:4 | Reached skill level 18 in Invocations
 40887 | Vaults:4 | Gained mutation: Potions are less effective at restoring
                  | your health. [a cacodemon]
 41928 | Depths:1 | Entered Level 1 of the Depths
 42016 | Depths:1 | Reached XP level 24. HP: 170/173 MP: 36/36
 42081 | Depths:1 | Learned a level 9 spell: Death's Door
 42116 | Depths:1 | Reached skill level 1 in Necromancy
 42255 | Depths:1 | Identified the +5 shadow dragon scales "Yxtidy" {Drain
                  | rPois Regen+ Dex+5 Stlth++++}
 42278 | Depths:1 | HP: 6/173 [reaper[a doom hound] (26)]
 42278 | Depths:1 | Slain by a reaper

Illustrated notes

Levels and vault maps discovered:
D:1:      nagdon_arrival_zigzag_paths, layout_basic,
          ebering_ecumenical_altar_petrified, chequers_serial_rivers_micro_c
D:2:      minmay_wonky_spiral, layout_basic, serial_shops, shop, minivault_4,
          kennysheep_generic_room_3
D:3:      layout_basic, serial_shops, shop, minmay_starry_boxes
D:4:      layout_loops_ring, uniq_sigmund, uniq_edmund
D:5:      layout_loops_ring, gammafunk_ghost_arena, uniq_blork_the_orc,
          uniq_menkaure
D:6:      layout_loops_cross, worldfamousw_hep_ancestral_shrine,
          nicolae_vehumet_altar_sigil, okawaru_trees_2
D:7:      layout_basic, minmay_temple_entry_fiery,
          lightli_ossuary_entry_decrepit_ruins
D:8:      layout_loops_ring
D:9:      layout_roguey, elyvilon_altar_4
D:10:     layout_loops_ring, serial_shops, nicolae_stop_n_shop_2,
          hangedman_ranch
D:11:     layout_rooms, dpeg_lair_monsters, gauntlet_entry_generic,
          enter_bailey_3, palyth_stone_intersect, uniq_snorg, uniq_grum
D:12:     gargoyle_guard, layout_irregular_city, zombieorc2_lemuel,
          serial_shops, shop, dk_noncrumbling_2,
          nicolae_yredelemnul_corpse_copse
D:13:     layout_irregular_city, erik_vaults_1
D:14:     layout_loops_ring, patterned_corridor, uniq_kirke
D:15:     grunt_enter_depths_magical_seal, layout_gridville,
          grunt_decor_one_mirror, st_stairs_6,
          nicolae_dithmenos_through_a_glass_darkly
Temple:   compressed_dpeg_circular_temple
Lair:1:   layout_layer_cave, grunt_megastairs_1, uniq_nergalle
Lair:2:   layout_cave_pods, basic_altar, portal_ice_cave_entry_pillars_2
Lair:3:   layout_big_grid, minmay_snake_entry_guardpost_small, uniq_gastronok
Lair:4:   layout_cave_pods, shoals_dummy_entry, grunt_megastairs_2,
          lemuel_fruit_fields
Lair:5:   beast_lair_carwin_large_2, layout_misc_corridors, slime_altar_2,
          st_stairs_13, hellmonk_guarded_unrand_zhor, lemuel_fruit_fields,
          lemuel_fruit_tree
Lair:6:   minmay_lair_end_enchanted_forest, layout_cave_pods, st_stairs_10,
          chequers_serial_rivers_marsh
Shoals:1: layout_shoals, hangedman_shoal_volcano
Shoals:2: layout_shoals, serial_shops, nicolae_square_shop
Shoals:3: layout_shoals, lightli_airlock, uniq_ilsuiw, uniq_polyphemus
Shoals:4: shoals_end_hellmonk_lost_city
Snake:1:  layout_layer_cave, serial_shops, bzr_entry_water, shop, shop
Snake:2:  layout_honeycomb, serial_shops, nicolae_diamond_shop, st_stairs_7,
          serial_bayou_shore_a, minmay_shop_star, uniq_donald, uniq_vashnia,
          uniq_aizul
Snake:3:  layout_concentric_octagons, grunt_ministairs_1
Snake:4:  snake_pit, layout_gridlike, nicolae_shop_firing_range,
          grunt_megastairs_5
Orc:1:    layout_caves, serial_shops, shop
Orc:2:    st_orc_pillars, layout_diamond_mine, serial_shops, shop_statue,
          uniq_urug
Elf:1:    minmay_elf_arrival_summoners, layout_loops_corners,
          minmay_elf_necromancy, minivault_26, uniq_agnes
Elf:2:    layout_loops_corners, uniq_jorgrun
Elf:3:    nooodl_elf_gasket, layout_geoelf_octagon, columned_hall_lemuel,
          minmay_misc_feat_five
Vaults:1: v_misc_1, v_alt_pattern_6, v_misc_3, vaults_dpeg_hooks, v_misc_27,
          v_misc_15, v_misc_8, vaults_room_semicircle, layout_vaults_quadrants
Vaults:2: v_misc_32, st_spiral_rooms, hangedman_vaults_stagger,
          hangedman_vaults_impose, v_misc_25, v_misc_2, v_misc_27,
          nicolae_vaults_angled_halls, ontoclasm_vaults_twist,
          hangedman_vaults_snaps, layout_vaults_big_cross, serial_shops,
          nicolae_shop_behind_doors
Vaults:3: minmay_crypt_entry_nasty_monster, ontoclasm_vaults_ligature,
          hangedman_vaults_cutoff, special_room_vaults [special_room_orc],
          hangedman_vaults_maws, nicolae_vaults_network_s,
          nicolae_vaults_little_ls, v_misc_11, layout_vaults_big_room
Vaults:4: v_misc_16, ontoclasm_vaults_eye, nicolae_vaults_rhombus_6,
          vaults_dpeg_spiral, nicolae_vaults_puzzle_piece, vaults_room_octagon,
          v_misc_29, nicolae_vaults_octagons, hangedman_vaults_hat,
          vaults_room_octagon, v_rooms_5, nicolae_vaults_circle_grid_b,
          nicolae_vaults_border_crossing, v_misc_22, layout_vaults_omnibox
Depths:1: layout_forbidden_donut, hellmouth_2, beargit_elvish_explorers,
          minmay_shop_grove

Skill      XL: |  1  2  3  4  5  6  7  8  9 10 11 12 13 14 15 16 17 18 19 20 21 22 23 24 |
---------------+-------------------------------------------------------------------------+-----
Maces & Flails | 3 4 5 6 7 8 9 10 11 12 13 14 15 16 | 16.6
Stealth        | 1 2 3 5 8 14 15 16 | 16.6
Fighting       | 4 5 6 7 8 9 10 11 12 13 14 15 16 | 16.5
Evocations     | 1 2 4 5 7 8 |  8.0
Shields        | 4 5 6 7 8 9 10 12 15 16 | 16.4
Dodging        | 4 6 7 8 9 10 11 12 14 | 14.5
Invocations    | 1 3 5 6 8 9 10 11 12 13 15 16 18 | 18.3
Throwing       | 3 6 7 9 11 | 11.7
Transmutations | 2 4 |  4.9
Earth Magic    | 2 4 5 9 11 | 11.8
Translocations | 3 5 |  5.0
Spellcasting   | 2 7 |  7.6
Necromancy     | 4 |  4.2

Action                   |  1- 3 |  4- 6 |  7- 9 | 10-12 | 13-15 | 16-18 | 19-21 | 22-24 || total
-------------------------+-------+-------+-------+-------+-------+-------+-------+-------++-------
Melee: Flail             |    85 |    93 |   202 |   525 |   219 |       |       |       ||  1124
       Constrict         |    20 |    25 |    44 |    80 |   166 |   183 |   196 |   156 ||   870
       Tentacles         |    14 |    18 |    49 |   225 |   334 |   433 |   510 |   561 ||  2144
       Morningstar       |       |       |       |       |   527 |   955 |  1082 |  1136 ||  3700
Throw: Throwing net      |       |       |       |     2 |       |       |       |       ||     2
       Dart              |       |       |       |       |     1 |     1 |    10 |     2 ||    14
 Cast: Passwall          |       |       |       |     1 |       |     6 |     6 |       ||    13
       Passage of Golubr |       |       |       |       |       |     1 |       |       ||     1
Invok: Bend Time         |       |       |       |       |     1 |     2 |     5 |     1 ||     9
       Slouch            |       |       |       |       |     2 |     6 |     3 |     6 ||    17
       Step From Time    |       |       |       |       |       |     1 |       |     1 ||     2
 Abil: Evoke Blink       |       |       |       |       |       |       |     1 |       ||     1
Evoke: Wand              |       |       |     3 |     6 |       |    66 |     9 |     5 ||    89
       Lightning rod     |       |       |       |     5 |       |       |       |       ||     5
       Condenser vane    |       |       |       |       |       |     1 |     3 |       ||     4
  Use: Scroll            |     4 |     6 |     9 |    10 |     5 |    12 |     7 |     7 ||    60
       Potion            |       |     1 |     6 |     2 |     2 |     3 |     4 |     2 ||    20
 Stab: Sleeping          |    13 |    10 |    15 |    14 |    21 |    52 |    39 |    29 ||   193
       Held in net/web   |       |       |       |     3 |       |       |       |       ||     3
       Distracted        |       |       |       |       |     3 |     4 |     8 |     3 ||    18
       Petrified         |       |       |       |       |       |     1 |       |       ||     1
       Invisible         |       |       |       |       |       |       |     5 |     2 ||     7
Armor: Skin              |     7 |    13 |    47 |    94 |   116 |   128 |   158 |   115 ||   678
Dodge: Dodged            |    21 |    27 |    73 |   291 |   545 |   531 |   698 |   683 ||  2869
Block: Kite shield       |    31 |    52 |   185 |   667 |  1034 |       |       |       ||  1969
       Reflection        |       |       |     6 |     9 |    31 |   130 |   210 |    67 ||   453
       Tower shield      |       |       |       |       |   194 |  1774 |  2000 |  2083 ||  6051

Table legend: (Time is in decaauts)
 A = Elapsed time spent in this place.
 B = Non-inter-level travel time spent in this place.
 C = Inter-level travel time spent in this place.
 D = Time resting spent in this place.
 E = Time spent auto-exploring this place.
 F = Levels seen in this place.
 G = Mean time per level.
                   A        B        C        D        E       F      G
               +--------+--------+--------+--------+--------+-----+--------+
         Total |  65844 |  61104 |   4740 |   4967 |  41550 |  44 | 1496.5 |
       Dungeon |  18161 |  16994 |   1167 |   1763 |  11715 |  15 | 1210.7 |
        Temple |    113 |    101 |     12 |      0 |     74 |   1 |  113.0 |
          Lair |  12004 |  10344 |   1660 |     15 |   8721 |   6 | 2000.7 |
        Shoals |   6154 |   5859 |    295 |    331 |   3495 |   4 | 1538.5 |
     Snake Pit |   7484 |   7235 |    249 |    759 |   4565 |   4 | 1871.0 |
  Orcish Mines |   3500 |   3087 |    413 |    298 |   1725 |   2 | 1750.0 |
   Elven Halls |   6427 |   5985 |    442 |    525 |   3948 |   3 | 2142.3 |
        Vaults |   9919 |   9421 |    498 |    944 |   6459 |   4 | 2479.8 |
        Depths |    473 |    473 |      0 |     55 |    230 |   1 |  473.0 |
         Abyss |    443 |    443 |      0 |     50 |    134 |   1 |  443.0 |
        Bazaar |    209 |    209 |      0 |      0 |    158 |   1 |  209.0 |
       Ossuary |    423 |    423 |      0 |    227 |     95 |   1 |  423.0 |
        Bailey |    530 |    530 |      0 |      0 |    230 |   1 |  530.0 |
               +--------+--------+--------+--------+--------+-----+--------+

Top non-repeatable levels by time:
  Lair:1: 2826 daAuts
   Orc:2: 2742 daAuts
Vaults:2: 2669 daAuts
Vaults:1: 2523 daAuts
Vaults:4: 2425 daAuts
 Snake:4: 2358 daAuts
Vaults:3: 2300 daAuts
   Elf:3: 2256 daAuts
  Lair:4: 2168 daAuts
 Snake:2: 2134 daAuts
   Elf:2: 2098 daAuts
    D:12: 2088 daAuts
   Elf:1: 2071 daAuts
  Lair:3: 1940 daAuts
  Lair:6: 1924 daAuts
